 Dungeon Sprint DCSS version 0.19-a0-1019-g9c6a58d (webtiles) character file.

11 BluebellGnoll the Magician (level 2, -16/11 HPs)
             Began as a Felid Air Elementalist on July 25, 2016.
             Demolished by an ogre
             ... wielding a +0 giant spiked club
              (27 damage)
             ... in the Dungeon (Sprint IX: "|||||||||||||||||||||||||||||").
             The game lasted 00:02:03 (222 turns).

BluebellGnoll the Magician (Felid Air Elementalist)  Turns: 222, Time: 00:02:04

Health: -16/11     AC:  1    Str:  4    XL:     2   Next: 17%
Magic:  2/8        EV: 18    Int: 16    God:
Gold:   0          SH:  0    Dex: 16    Spells: 1 memorised, 8 levels left
                                        Lives:  0   Deaths: 0

rFire  . . .     SeeInvis +     (weapon unavailable)
rCold  . . .     Gourm    .     (armour unavailable)
rNeg   . . .     Faith    .     (shield unavailable)
rPois  .         Spirit   .     (helmet unavailable)
rElec  .         Dismiss  .     (cloak unavailable)
rCorr  .         Reflect  .     (gloves unavailable)
SustAt .         Harm     .     (boots unavailable)
MR     .....     NoTele   +     (no amulet)
Stlth  +++.......               (no ring)
                                (no ring)

@: very slightly contaminated, hasted, very quick, not resistant to hostile
enchantments, fairly stealthy
A: no armour, no weapons or thrown items, claws 1, fangs 3, see invisible,
carnivore 3, speed 1, shaggy fur 1, slow metabolism 1, sharp paws
a: no special abilities


You were in the Dungeon.
You were completely stuffed.

You visited 1 branch

Inventory:

Scrolls
 h - a scroll of blinking
Potions
 c - a potion of curing
 d - a potion of heal wounds
 f - 2 potions of magic
 g - a potion of berserk rage
Books
 a - a book of Air

   Spells                             Type                      Level
   a - Shock                          Conjuration/Air              1
   b - Swiftness                      Charms/Air                   2
   c - Repel Missiles                 Charms/Air                   2
   d - Static Discharge               Conjuration/Air              3
   e - Lightning Bolt                 Conjuration/Air              5
Comestibles
 b - a meat ration
 i - a chunk of flesh


   Skills:
 + Level 3.1 Dodging
 - Level 2.6 Stealth
 - Level 4.1 Spellcasting
 * Level 1.1 Conjurations
 + Level 2.9 Air Magic


You had 8 spell levels left.
You knew the following spells:

 Your Spells              Type           Power        Failure   Level  Hunger
a - Shock                 Conj/Air       #...         10%         1    None


Dungeon Overview and Level Annotations

Branches:
Dungeon (1/1)

Altars:


Innate Abilities, Weirdness & Mutations

You cannot wear armour.
You are incapable of wielding weapons or throwing items.
You have sharp claws.
You have razor-sharp teeth.
You have supernaturally acute eyesight. (SInv)
You are carnivorous and can eat meat at any time.
You cover ground quickly.
You are covered in fur. (AC +1)
You have a slow metabolism.
Your sharp claws are effective at attacking unaware monsters.


Message History

Aim: an ogre, wielding a giant spiked club (moderately wounded)
You miscast Shock.
You are momentarily dazzled by a flash of light!
Casting: Shock
Confirm with . or Enter, or press ? or * to list all spells.
Aiming: Shock
Press: ? - help, Shift-Dir - straight line, f/p - ogre
Aim: an ogre, wielding a giant spiked club (moderately wounded)
The zap hits the ogre.
The ogre is moderately wounded.
The zap hits the worker ant.
The worker ant is heavily wounded.
The zap hits the orc wizard.
The orc wizard is heavily wounded.
The zap hits the quokka.
You kill the quokka!
Your Dodging skill increases to level 3!
The ogre hits you with a giant spiked club!!
Ouch! That really hurt!
You die...

▓▓▓
▓<▓
▓.▓
▓.▓
▓.▓
▓'▓
▓@▓
▓O▓
▓a▓
▓)▓
▓.▓
▓o▓
▓.▓
▓†▓
▓.▓


You could see an ogre, a worker ant and an orc wizard.

Vanquished Creatures
  3 giant geckos (D)
  3 hobgoblins (D)
  A quokka (D)
7 creatures vanquished.

Notes
Turn   | Place    | Note
-------+----------+-------------------------------------------
     0 | D        | BluebellGnoll the Felid Air Elementalist began the quest for the Orb.
     0 | D        | Reached XP level 1. HP: 7/7 MP: 4/4
     8 | D        | Reached skill level 3 in Spellcasting
    19 | D        | Reached skill level 4 in Spellcasting
    19 | D        | Reached XP level 2. HP: 5/11 MP: 1/8
   212 | D        | Noticed an ogre
   217 | D        | Reached skill level 1 in Conjurations
   222 | D        | Demolished by an ogre

Vault maps used:
D:        linesprint

Skill      XL: |  1  2 |
---------------+-------+-----
Spellcasting   | 4 |  4.1
Conjurations   | 1 |  1.1
Dodging        | 3 |  3.1
Stealth        | |  2.6
Air Magic      | |  2.9

Action                   || total
-------------------------++-------
Melee: Unarmed           ||    11
 Cast: Shock             ||     8
  Use: Potion            ||     1
  Eat: Chunk             ||     6
Dodge: Dodged            ||    11
